 Dungeon Crawl Stone Soup version 0.21.1-1-g345015f (console) character file.

417 toffzen the Sneak (level 6, -1/28 HPs)
             Began as a Spriggan Enchanter on June 26, 2018.
             Was an Initiate of Dithmenos.
             Slain by Rwicked's ghost (8 damage)
             ... on level 4 of the Dungeon.
             The game lasted 00:18:28 (4690 turns).

toffzen the Sneak (Spriggan Enchanter)              Turns: 4690, Time: 00:18:28

Health: -1/28      AC:  3    Str:  4    XL:     6   Next: 61%
Magic:  10/13      EV: 20    Int: 22    God:    Dithmenos [......]
Gold:   180        SH:  0    Dex: 16    Spells: 5/14 levels left

rFire    . . .     SeeInvis +   a - +1 dagger
rCold    . . .     Gourm    .   (shield restricted)
rNeg     . . .     Faith    .   b - +0 robe
rPois    .         Spirit   .   k - +0 hat {Int+3}
rElec    .         Reflect  .   p - +0 cloak
rCorr    .         Harm     .   (gloves unavailable)
MR       +....                  (boots unavailable)
Stlth    +++.......             (no amulet)
HPRegen  0.09/turn              (no ring)
MPRegen  0.13/turn              (no ring)

@: very quick
A: very small, unfitting armour, see invisible, herbivore, speed 3, slow
metabolism 2
a: Renounce Religion


You were on level 4 of the Dungeon.
You worshipped Dithmenos.
Dithmenos was noncommittal.
You were hungry.

You visited 1 branch of the dungeon, and saw 4 of its levels.

You collected 180 gold pieces.

Inventory:

Hand Weapons
 a - a +1 dagger (weapon)
 h - a +0 short sword
Missiles
 e - 56 sling bullets
 n - 56 stones (quivered)
Armour
 b - a +0 robe (worn)
 k - a +0 hat of intelligence (worn)
 p - a +0 cloak (worn)
Jewellery
 o - a +5 amulet of reflection {unknown}
 v - a cursed amulet of inaccuracy {unknown}
Wands
 r - a wand of polymorph (7)
Scrolls
 l - 3 scrolls of teleportation
 m - a scroll of remove curse
 s - a scroll of identify {unknown}
 u - a scroll of amnesia {unknown}
 w - a scroll of immolation {unknown}
Potions
 f - a potion of magic {unknown}
 g - a potion of invisibility {unknown}
 i - a potion of flight {unknown}
 j - a potion of lignification {unknown}
 q - a potion of haste
 t - a potion of agility {unknown}
Books
 c - a book of Maledictions

   Spells                             Type                      Level
   a - Corona                         Hexes                        1
   b - Ensorcelled Hibernation        Hexes/Ice                    2
   c - Confuse                        Hexes                        3
   d - Tukima's Dance                 Hexes                        3
   e - Dazzling Spray                 Conjuration/Hexes            3
Comestibles
 d - 4 rations


   Skills:
 + Level 2.6 Short Blades
 + Level 4.5 Dodging
 + Level 6.4 Stealth
 + Level 4.5 Spellcasting
 + Level 5.9 Hexes
 - Level 0.4 Ice Magic


You had 5 spell levels left.
You knew the following spells:

 Your Spells              Type           Power        Failure   Level  Hunger
a - Corona                Hex            ####...      1%          1    None
b - Ensorcelled Hibernat  Hex/Ice        ###...       4%          2    None
c - Confuse               Hex            ####....     2%          3    ##.....
d - Dazzling Spray        Conj/Hex       ###...       10%         3    ##.....


Dungeon Overview and Level Annotations

Branches:
Dungeon (4/15)
 Temple: D:4-7

Altars:
Dithmenos
Fedhas
Qazlal
Ru

Annotations:
D:4 Rwicked's ghost, amateur GrEE


Innate Abilities, Weirdness & Mutations

You are very small and have problems with some larger weapons.
You are too small for most types of armour.
You have supernaturally acute eyesight. (SInv)
You are a herbivore.
You cover ground extremely quickly.
You need consume almost no food.


Message History

Rwicked's ghost closely misses you.
You catch the helpless Rwicked's ghost completely off-guard!
You puncture Rwicked's ghost!
Rwicked's ghost is heavily damaged.
You hit Rwicked's ghost but do no damage.
Rwicked's ghost is heavily damaged.
Rwicked's ghost completely misses you.
You hit Rwicked's ghost.
Rwicked's ghost is severely damaged.
Rwicked's ghost hits you! Rwicked's ghost burns you.
* * * LOW HITPOINT WARNING * * *
You hit Rwicked's ghost but do no damage.
Rwicked's ghost is severely damaged.
Rwicked's ghost completely misses you.
You hit Rwicked's ghost but do no damage.
Rwicked's ghost is severely damaged.
You hit Rwicked's ghost but do no damage.
Rwicked's ghost is severely damaged.
Rwicked's ghost hits you!
You die...

### #######W#
.......@#
#######.# #.#.####
#......# #.#.##.#
#.#.##.# # #.##.#
#######
#.##.#######......
#.##.#.....#.#####


You could see Rwicked's ghost (confused).

Vanquished Creatures
  The ghost of pelesz the Cutter, an amateur GrMo (D:3)
  An orc wizard (D:3)
  2 orc priests (D:3)
  2 worker ants
  Natasha (D:3)
  3 gnolls
  5 adders
  2 dart slugs (D:1)
  2 leopard geckos
  3 orcs (D:3)
  A ball python (D:1)
  2 giant cockroaches
  8 hobgoblins
  3 jackals
  6 kobolds
  A quokka (D:3)
  9 bats
  6 frilled lizards
  8 goblins
  4 rats
70 creatures vanquished.

Vanquished Creatures (others)
  4 plants (D:3)
4 creatures vanquished.

Grand Total: 74 creatures vanquished

Notes
Turn   | Place    | Note
-------+----------+-------------------------------------------
     0 | D:1      | toffzen the Spriggan Enchanter began the quest for the Orb.
     0 | D:1      | Reached XP level 1. HP: 9/9 MP: 5/5
     2 | D:1      | Noticed a ghoul
     4 | D:1      | Noticed a gargoyle
     7 | D:1      | Noticed a tengu
     7 | D:1      | Noticed a minotaur
     9 | D:1      | Noticed a centaur
     9 | D:1      | Noticed a felid
    11 | D:1      | Noticed an ogre
    11 | D:1      | Noticed an octopode
    13 | D:1      | Noticed a draconian
    13 | D:1      | Noticed a demigod
    15 | D:1      | Noticed a spriggan
    17 | D:1      | Noticed a formicid
    19 | D:1      | Noticed a naga
    19 | D:1      | Noticed a merfolk
    21 | D:1      | Noticed a human
    21 | D:1      | Noticed a dwarf
    23 | D:1      | Noticed a demonspawn
    23 | D:1      | Noticed a vine stalker
    25 | D:1      | Noticed a halfling
    25 | D:1      | Noticed a vampire
    27 | D:1      | Noticed an elf
    27 | D:1      | Noticed a troll
   537 | D:1      | Reached XP level 2. HP: 6/13 MP: 4/6
   694 | D:1      | Learned a level 2 spell: Ensorcelled Hibernation
  1243 | D:1      | Reached XP level 3. HP: 16/16 MP: 8/8
  1248 | D:1      | Learned a level 3 spell: Confuse
  1489 | D:2      | Found a stormy altar of Qazlal.
  1520 | D:2      | Found a blossoming altar of Fedhas.
  1817 | D:2      | Reached skill level 5 in Stealth
  1977 | D:2      | Found a sacrificial altar of Ru.
  2052 | D:2      | Reached skill level 5 in Hexes
  2056 | D:2      | Reached XP level 4. HP: 21/21 MP: 1/10
  2470 | D:2      | Found a shadowy altar of Dithmenos.
  2472 | D:2      | Became a worshipper of Dithmenos the Shadowed
  2810 | D:3      | Learned a level 3 spell: Dazzling Spray
  3119 | D:3      | Noticed Natasha
  3165 | D:3      | Killed Natasha
  3165 | D:3      | Reached XP level 5. HP: 15/24 MP: 2/11
  3325 | D:3      | Noticed pelesz's ghost (amateur GrMo)
  3409 | D:3      | Killed pelesz's ghost
  3409 | D:3      | Reached skill level 6 in Stealth
  3409 | D:3      | Reached XP level 6. HP: 23/28 MP: 0/13
  4043 | D:3      | Found a faded altar of an unknown god.
  4660 | D:4      | Noticed Rwicked's ghost (amateur GrEE)
  4690 | D:4      | Slain by Rwicked's ghost

Skill      XL: |  1  2  3  4  5 |
---------------+----------------+-----
Hexes          | 4 5 |  5.9
Spellcasting   | 3 4 |  4.5
Stealth        | 5 6 |  6.4
Short Blades   | 2 |  2.6
Dodging        | 4 |  4.5
Ice Magic      | |  0.4

Action                   |  1- 3 |  4- 6 || total
-------------------------+-------+-------++-------
Melee: Dagger            |    82 |    94 ||   176
Throw: Stone             |       |     3 ||     3
 Cast: Corona            |     7 |       ||     7
       Ensorcelled Hiber |    21 |    24 ||    45
       Confuse           |     2 |    20 ||    22
  Use: Scroll            |       |     3 ||     3
       Potion            |       |     2 ||     2
 Stab: Sleeping          |    23 |    25 ||    48
       Confused          |     1 |    13 ||    14
  Eat: Ration            |       |     2 ||     2
Armor: Robe              |    12 |     3 ||    15
Dodge: Dodged            |    74 |    23 ||    97
